 Dungeon Crawl Stone Soup version 0.25-a0-942-g87a53962fc (webtiles) character file.

Game seed: 11048975032918153008, levelgen mode: deterministic

1407 kae the Frost Mage (level 8, -4/52 HPs)
             Began as a Merfolk Ice Elementalist on May 7, 2020.
             Slain by Maggie
             ... wielding a +0 morningstar
              (8 damage)
             ... on level 6 of the Dungeon.
             The game lasted 00:03:39 (6090 turns).

kae the Frost Mage (Merfolk Ice Elementalist)       Turns: 6090, Time: 00:03:39

Health: -4/52      AC:  6    Str: 10    XL:     8   Next: 70%
Magic:  11/16      EV: 13    Int: 14    God:
Gold:   276        SH:  0    Dex: 15    Spells: 14/18 levels left

rFire    . . .     SeeInvis .   d - +2 dagger (venom)
rCold    . . .     Gourm    .   (no shield)
rNeg     . . .     Faith    .   p - +0 steam dragon scales
rPois    .         Spirit   .   (no helmet)
rElec    .         Reflect  .   (no cloak)
rCorr    .         Harm     .   q - +0 pair of gloves
MR       .....                  (no boots)
Stlth    ++........             (no amulet)
HPRegen  0.17/turn              (no ring)
MPRegen  0.15/turn              (no ring)

@: frozen ramparts, mesmerised
A: change form in water, swift swim, stealthy swim
a: no special abilities


You were on level 6 of the Dungeon.
You were not hungry.

You visited 1 branch of the dungeon, and saw 6 of its levels.

You collected 276 gold pieces.

Inventory:

Hand Weapons
 a - a +0 scythe
 d - a +2 dagger of venom (weapon)
 e - a +0 spear
Armour
 p - +0 steam dragon scales (worn)
 q - a +0 pair of gloves (worn)
Jewellery
 u - an uncursed amulet of rage {unknown}
 w - a cursed amulet of harm
Wands
 o - a wand of random effects (16)
Scrolls
 f - 4 scrolls of teleportation {unknown}
 h - 8 scrolls of identify {unknown}
 m - 3 scrolls of enchant armour {unknown}
 n - 4 scrolls of remove curse {unknown}
 r - a scroll of magic mapping {unknown}
 t - a scroll of fog {unknown}
 v - a scroll of fear {unknown}
Potions
 b - a potion of cancellation {unknown}
 g - a potion of degeneration {unknown}
 i - 3 potions of brilliance {unknown}
 j - 4 potions of curing {unknown}
 k - a potion of lignification {unknown}
 l - a potion of resistance {unknown}
 s - a potion of stabbing {unknown}
 x - a potion of invisibility {unknown}
Comestibles
 c - 5 rations
 z - 2 chunks of flesh


   Skills:
 - Level 2.6 Dodging
 - Level 2.1 Stealth
 + Level 5.8 Spellcasting
 * Level 10.2 Ice Magic


You had 14 spell levels left.
You knew the following spells:

 Your Spells              Type           Power        Failure   Level  Hunger
a - Freeze                Ice            ####         1%          1    None
b - Frozen Ramparts       Ice            ####..       1%          3    ###....

Your spell library contained the following spells:

 Spells                   Type           Power        Failure   Level  Hunger
 Ozocubu's Armour         Chrm/Ice       ###.....     6%          3    ###....
 Hailstorm                Conj/Ice       ###.....     19%         4    ####...
 Summon Ice Beast         Ice/Summ       ###.....     19%         4    ####...


Dungeon Overview and Level Annotations

Branches:
Dungeon (6/15)
 Temple: D:4-7

Altars:
Cheibriados
Hepliaklqana
Qazlal
Xom
Yredelemnul
The Shining One

Annotations:
D:5 3 runed translucent doors, Bvern's ghost, novice HuNe
D:6 Maggie


Message History

Confirm with . or Enter, or press ? or * to list all spells.
Aiming: Freeze (safe; 1% risk of failure)
Press: ? - help, Shift-Dir - straight line, f/p - Maggie
Aim: Maggie, wielding a +0 morningstar, wearing +0 steam dragon scales and carrying a wand of flame (15) (moderately wounded, mesmerising)
You freeze Maggie!
Maggie is heavily wounded.
The wall freezes Maggie.
Maggie gestures at you while chanting. The bolt of fire hits you!!
Ouch! That really hurt!
* * * LOW HITPOINT WARNING * * *
Casting: Freeze (safe; 1% risk of failure)
Confirm with . or Enter, or press ? or * to list all spells.
Aiming: Freeze (safe; 1% risk of failure)
Press: ? - help, Shift-Dir - straight line, f/p - Maggie
Aim: Maggie, wielding a +0 morningstar, wearing +0 steam dragon scales and carrying a wand of flame (15) (heavily wounded, mesmerising)
You freeze Maggie.
Maggie is heavily wounded.
The wall freezes Maggie.
Maggie hits you with a +0 morningstar!
You die...

## #.. .. ..# .# #.# .#
#)# >### #.# ...# #.#
.#.######.#
.#........###########)#
.########.......@@....#
.# ############### .#
##


You could see Maggie.

Vanquished Creatures
  Sigmund (D:3)
  5 ogres
  A centaur (D:6)
  2 howler monkeys (D:4)
  A bullfrog zombie (D:5)
  2 crimson imps (D:6)
  A jelly (D:2)
  A centaur skeleton (D:4)
  2 hounds
  A gnoll shaman (D:6)
  An orc wizard (D:6)
  Ijyb (D:3)
  3 iguanas
  4 worker ants
  6 adders
  4 gnolls
  An adder skeleton (D:4)
  3 worms
  6 dart slugs
  3 leopard geckos
  7 orcs
  2 ball pythons
  9 bats
  2 giant cockroaches
  12 goblins
  8 hobgoblins
  4 jackals (D:4)
  A quokka (D:3)
  10 frilled lizards
  5 kobolds
  3 rats
  A spectral orc (D:6)
113 creatures vanquished.

Notes
Turn   | Place    | Note
-------+----------+-------------------------------------------
     0 | D:1      | kae the Merfolk Ice Elementalist began the quest for the
                  | Orb.
     0 | D:1      | Reached XP level 1. HP: 13/13 MP: 3/3
   256 | D:1      | Reached XP level 2. HP: 12/19 MP: 1/5
   631 | D:1      | You fall into a shaft and drop 1 floor!
   637 | D:2      | Noticed a water elemental
   749 | D:2      | Found a stormy altar of Qazlal.
   750 | D:2      | Noticed an air elemental
   750 | D:2      | Noticed a fire elemental
   750 | D:2      | Noticed an earth elemental
   757 | D:2      | Reached skill level 5 in Ice Magic
   757 | D:2      | Reached XP level 3. HP: 24/24 MP: 0/6
  1343 | D:2      | Reached XP level 4. HP: 24/30 MP: 5/8
  1895 | D:2      | Found a snail-covered altar of Cheibriados.
  1898 | D:2      | Found a glowing golden altar of the Shining One.
  1901 | D:2      | Found a hazy altar of Hepliaklqana.
  2171 | D:1      | Reached skill level 6 in Ice Magic
  2503 | D:3      | Noticed Sigmund
  2512 | D:3      | Killed Sigmund
  2512 | D:3      | Reached skill level 7 in Ice Magic
  2512 | D:3      | Reached XP level 5. HP: 23/35 MP: 5/10
  2512 | D:3      | Reached XP level 6. HP: 27/41 MP: 5/11
  2825 | D:3      | Noticed Ijyb
  2835 | D:3      | Killed Ijyb
  2945 | D:3      | Learned a level 3 spell: Frozen Ramparts
  3064 | D:3      | Noticed a phantom
  4274 | D:4      | Found a shimmering altar of Xom.
  4381 | D:4      | Reached XP level 7. HP: 46/46 MP: 9/13
  4443 | D:4      | Reached skill level 8 in Ice Magic
  5281 | D:5      | Entered Level 5 of the Dungeon
  5282 | D:5      | Found a runed translucent gate.
  5287 | D:5      | Found a runed translucent gate.
  5385 | D:5      | Reached skill level 9 in Ice Magic
  5385 | D:5      | Reached XP level 8. HP: 40/52 MP: 15/15
  5522 | D:5      | Found a runed translucent gate.
  5528 | D:5      | Noticed Bvern's ghost (novice HuNe)
  5533 | D:5      | You fall into a shaft and drop 1 floor!
  5554 | D:6      | Reached skill level 5 in Spellcasting
  5702 | D:6      | Reached skill level 10 in Ice Magic
  5876 | D:6      | Found a basalt altar of Yredelemnul.
  6080 | D:6      | Noticed Maggie
  6090 | D:6      | Slain by Maggie

Levels and vault maps discovered:
D:1:      doesnt_arrival_eight_statues, layout_rooms,
          chequers_serial_rivers_micro_a, minmay_split_cup_large
D:2:      layout_loops_ring, grunt_temple_overflow_diamond,
          nicolae_qazlal_style_of_elements
D:3:      kb_forest_paths, layout_basic, first_ration, uniq_sigmund, uniq_ijyb
D:4:      minmay_razor_zed, layout_loops_corners, xom_teletrap_fun
D:5:      layout_rooms, lemuel_coloured_pillars_altar,
          ebering_ghost_rock_garden, serial_shops, shop
D:6:      layout_loops_ring, yredelemnul_forgotten_temple_becter,
          minmay_temple_entry_statues_pillars,
          lightli_ossuary_entry_decrepit_ruins, basic_altar, uniq_maggie

Skill      XL: |  1  2  3  4  5  6  7  8 |
---------------+-------------------------+-----
Ice Magic      | 5 7 9 10 | 10.2
Spellcasting   | 3 4 5 |  5.8
Dodging        | |  2.6
Stealth        | |  2.1

Action                   |  1- 3 |  4- 6 |  7- 9 || total
-------------------------+-------+-------+-------++-------
Melee: Dagger            |    42 |   115 |   104 ||   261
 Cast: Freeze            |    17 |    30 |    26 ||    73
       Frozen Ramparts   |       |     2 |     8 ||    10
 Stab: Sleeping          |     3 |     5 |     2 ||    10
  Eat: Chunk             |     2 |     5 |     7 ||    14
       Ration            |       |     1 |       ||     1
Armor: Robe              |     4 |     4 |       ||     8
       Steam dragon scal |       |    36 |    30 ||    66
Dodge: Dodged            |    44 |    91 |    85 ||   220

Table legend:
 A = Non-vault XP
 B = Vault XP
 C = Vault XP percentage of total XP
 D = Non-vault monster count
 E = Vault monster count
 F = Vault count percentage of total count
                 A         B        C        D         E       F
            +---------+---------+-------+---------+---------+-------
      Total |    1545 |     466 |  23.2 |      90 |      23 |  20.4
            +---------+---------+-------+---------+---------+-------
        D:1 |      27 |       7 |  20.6 |      15 |       4 |  21.1
        D:2 |     120 |       0 |   0.0 |      21 |       0 |   0.0
        D:3 |      33 |     301 |  90.1 |      16 |       8 |  33.3
        D:4 |     474 |     157 |  24.9 |      18 |      10 |  35.7
        D:5 |      85 |       0 |   0.0 |       3 |       0 |   0.0
        D:6 |     806 |       1 |   0.1 |      17 |       1 |   5.6
            +---------+---------+-------+---------+---------+-------
